 Dungeon Crawl Stone Soup version 0.17.1-3-g152610e (webtiles) character file.

54 ololoev the Covered (level 3, 8/29 HPs)
             Began as a Demonspawn Fighter on Feb 18, 2016.
             Quit the game on level 4 of the Dungeon.
             The game lasted 00:02:13 (248 turns).

ololoev the Covered (Demonspawn Fighter)             Turns: 248, Time: 00:02:13

Health: 8/29       AC: 13    Str: 22    XL:     3   Next: 66%
Magic:  3/3        EV:  7    Int:  9    God:
Gold:   49         SH:  9    Dex: 12    Spells: 0 memorised, 2 levels left

rFire  . . .     SeeInvis .     j - +2 flail (protect)
rCold  . . .     Clarity  .     b - +0 scale mail
rNeg   . . .     SustAt   .     c - +0 shield
rPois  .         Gourm    .     (no helmet)
rElec  .         Spirit   .     (no cloak)
rCorr  .         Warding  .     (no gloves)
rMut   .         Stasis   .     (no boots)
MR     .....                    (no amulet)
Stlth  ..........               (no ring)
                                (no ring)

@: mighty, seriously poisoned (8 -> 1), not resistant to hostile enchantments,
extremely unstealthy
A: yellow scales 1, powered by pain 1
a: no special abilities


Innate Abilities, Weirdness & Mutations

You are partially covered in yellow scales (AC +2).
You sometimes gain a little power by taking damage.

Inventory:

Hand Weapons
 a - a +0 war axe
 j - a +2 flail of protection (weapon)
Armour
 b - a +0 scale mail (worn)
 c - a +0 shield (worn)
Scrolls
 g - a scroll of fog {unknown}
 i - a scroll of teleportation {unknown}
Comestibles
 e - 2 bread rations
 f - a meat ration
 h - 3 chunks of flesh
 k - 2 fruits


   Skills:
 - Level 3.0 Fighting
 * Level 3.1 Axes
 + Level 3.3 Armour
 - Level 2.6 Shields


You had 2 spell levels left.
You didn't know any spells.


You were on level 4 of the Dungeon.
You were not hungry.

You visited 1 branch of the dungeon, and saw 4 of its levels.

You collected 49 gold pieces.

.. #.... #o#. #...# ....
.........# #......#
#....#?..# #.#..#.#
#..#h#...### #.#..#.#
......o....
#....#.####....oW.#
..............#o@.######
..#...............(....#
........<...........####
.<..).............#.####
..#.....................
.....##..#..............
..##..........#...#.#.##
.......................#
...#..#.................

Notes
Turn   | Place    | Note
--------------------------------------------------------------
     0 | D:1      | ololoev the Demonspawn Fighter began the quest for the Orb.
     0 | D:1      | Reached XP level 1. HP: 18/18 MP: 1/1
    85 | D:2      | Gained mutation: You sometimes gain a little power by taking damage. [demonic ancestry]
    85 | D:2      | Reached XP level 2. HP: 20/24 MP: 2/2
   160 | D:3      | Noticed Natasha
   170 | D:3      | Killed Natasha
   170 | D:3      | Gained mutation: You are partially covered in yellow scales (AC +2). [demonic ancestry]
   170 | D:3      | Reached XP level 3. HP: 18/29 MP: 3/3
   239 | D:4      | Noticed SaintRoka's ghost (novice HOWr)
   248 | D:4      | Quit the game

Dungeon Overview and Level Annotations

Branches:
Dungeon (4/15)
 Temple: D:4-7

Altars:

Annotations:
D:4 SaintRoka's ghost, novice HOWr


Message History

SaintRoka's ghost turns its malevolent gaze towards you. 2 orcs come into view.
You see here 2 puce potions.
l - 2 puce potions The orc shouts! x2
Drink which item? (? for menu, Esc to quit)
It was a potion of poison.
That liquid tasted very nasty...
You are poisoned.
You feel sick.
The orc throws a tomahawk.
The tomahawk hits you but does no damage.
Drink which item? (? for menu, Esc to quit)
You feel very mighty all of a sudden.
You feel sick.
Drop what? 11/52 slots (_ for help) (? for menu, Esc to quit)
You drop a potion of poison.
You feel sick.
An orc wizard comes into view. It is wielding a dagger.
Press: ? - help, v - describe, . - travel
Here: SaintRoka's ghost The floor.
You closely miss SaintRoka's ghost.
You feel sick.
The orc wizard shouts!
The orc throws a tomahawk.
You block the tomahawk. SaintRoka's ghost hits you.
The orc throws a tomahawk.
The tomahawk closely misses you.
Unknown command.
You miss SaintRoka's ghost.
You feel sick.
SaintRoka's ghost hits you but does no damage. x2
A hound comes into view.
Unknown command.
The hound barks!
You sock SaintRoka's ghost!
SaintRoka's ghost is moderately damaged.
You feel sick. The orc hits you but does no damage.
SaintRoka's ghost laughs crazily.
SaintRoka's ghost hits you but does no damage.
An orc wizard comes into view. It is wielding a dagger.
You bludgeon SaintRoka's ghost!!
SaintRoka's ghost is heavily damaged.
You feel sick. The orc hits you with a flail. SaintRoka's ghost hits you.
Unknown command.
Are you sure you want to abandon this character and quit the game? (Confirm with "yes".)

You could see a hound, 2 orc wizards, SaintRoka's ghost and 2 orcs.

Vanquished Creatures
  Natasha (D:3)
  An adder (D:4)
  2 orcs
  A giant cockroach (D:3)
  A goblin (D:1)
  A hobgoblin (D:1)
  4 jackals
  2 kobolds
  A bat (D:1)
  A giant newt (D:2)
  A quokka (D:2)
  4 rats
20 creatures vanquished.

Action                   || total
-------------------------++-------
Melee: War axe           ||    41
       Flail             ||    16
  Use: Potion            ||     4

Vault maps used:
D:1:      minmay_arrival_five_plusses, minmay_stone_trees_small,
          minmay_misc_feat_diagonals, serial_bayou_lake_a
D:3:      grunt_temple_overflow_order_and_chaos_1, first_bread, minivault_26,
          uniq_terence, uniq_natasha
D:4:      serial_shops, shop, uniq_edmund
